 Dungeon Crawl Stone Soup version 0.28.0 (webtiles) character file.

Game seed: 3535870718328684881

199800 Strat the Brawler (level 17, -4/160 (163) HPs)
             Began as a Troll Gladiator on Feb 12, 2022.
             Was the Champion of Hepliaklqana.
             Succumbed to a redback's poison
             ... on level 3 of the Spider Nest.
             The game lasted 01:52:19 (21580 turns).

Strat the Brawler (Troll Gladiator)                Turns: 21580, Time: 01:52:19

HP:   -4/160 (163)  AC: 14    Str: 32    XL:     17   Next: 85%
MP:   22/23         EV:  9    Int:  4    God:    Hepliaklqana [******]
Gold: 1745          SH: 10    Dex: 11    Spells: 16/16 levels left

rFire   . . .      SeeInvis .     - Unarmed
rCold   + . .      Faith    .   V - +0 kite shield
rNeg    + . .      Spirit   .   D - +0 acid dragon scales
rPois   .          Reflect  .   G - +2 hat
rElec   .          Harm     .   s - +0 cloak
rCorr   +          Rampage  .   (gloves unavailable)
Will    ++++.      Clarity  +   (boots unavailable)
Stlth   +.........              O - amulet of the Four Winds {rN+ Will+++ Clar}
HPRegen 1.16/turn               t - ring of protection from cold
MPRegen 0.18/turn               a - +4 ring of protection

@: lethally poisoned (-4 -> -35), about to teleport, corroded, hasted, lightly
drained, very quick
A: reduced essence, large, unfitting armour, claws 3, regeneration 1, shaggy fur
1, tough skin 1
}: 1/15 runes: barnacled
a: Renounce Religion, Recall Ancestor, Ancestor Identity, Transference, Idealise


You were on level 3 of the Spider Nest.
You worshipped Hepliaklqana.
Hepliaklqana was exalted by your worship.
You visited 6 branches of the dungeon, and saw 32 of its levels.
You also visited: Sewer.

You collected 2498 gold pieces.
You spent 753 gold pieces at shops.

Inventory:

Hand Weapons
 b - a +3 morningstar of freezing
Missiles
 c - 5 throwing nets
 h - 20 boomerangs
 j - 834 stones
 l - 10 javelins (quivered)
 w - 6 boomerangs of dispersal
 y - 5 silver javelins
 B - 24 poisoned darts
 F - 9 curare-tipped darts
 S - 19 large rocks
Armour
 s - a +0 cloak (worn)
 D - +0 acid dragon scales (worn)
 G - a +2 hat (worn)
 P - a +0 troll leather armour
 V - a +0 kite shield (worn)
Jewellery
 a - a +4 ring of protection (right claw)
 e - an amulet of the acrobat
 g - a ring of fire
 k - a ring of flight
 t - a ring of protection from cold (left claw)
 u - an amulet of regeneration
 x - an amulet of reflection
 C - a +6 ring of intelligence
 O - the amulet of the Four Winds (around neck) {rN+ Will+++ Clar}
   (You bought it in a shop on level 2 of the Orcish Mines)

   [amulet of nothing]

   rN:        It protects you from negative energy.
   Clar:      It protects you against confusion.
   Will:      It greatly increases your willpower.
 U - the ring of Lyfa {rCorr Str+4}
   (You found it on level 14 of the Dungeon)

   [ring of resist corrosion]

   Str:       It affects your strength (+4).
   rCorr:     It protects you from acid and corrosion.
 W - a +6 ring of intelligence
Wands
 i - a wand of mindburst (18)
 n - a wand of iceblast (1)
 o - a wand of charming (4)
 r - a wand of paralysis (11)
 z - a wand of flame (31)
 J - a wand of polymorph (21)
Scrolls
 d - 3 scrolls of teleportation
 f - 2 scrolls of magic mapping
 L - a scroll of enchant armour
 M - 11 scrolls of identify
 N - 4 scrolls of enchant weapon
 Q - 2 scrolls of fog
 R - 2 scrolls of silence
 X - a scroll of fear
Potions
 p - a potion of resistance
 q - 6 potions of mutation
 A - 6 potions of brilliance
 E - 3 potions of flight
 H - 2 potions of ambrosia
 I - 4 potions of haste
 K - 2 potions of lignification
 T - 3 potions of magic
Miscellaneous
 m - a phial of floods
 v - a phantom mirror


   Skills:
 + Level 14.7 Fighting
 + Level 8.7 Throwing
 - Level 10.0 Armour
 - Level 2.4 Dodging
 - Level 10.0 Shields
 + Level 19.0 Unarmed Combat
 - Level 10.0 Invocations


You had 16 spell levels left.
You didn't know any spells.
Your spell library contained the following spells:

 Spells                   Type           Power      Damage    Failure   Level
 Animate Skeleton         Necr           0%         N/A       77%         1
 Apportation              Tloc           0%         N/A       77%         1
 Magic Dart               Conj           0%         1d3       77%         1
 Summon Small Mammal      Summ           0%         N/A       77%         1
 Call Imp                 Summ           0%         N/A       88%         2
 Corpse Rot               Necr/Air       0%         N/A       88%         2
 Ensorcelled Hibernation  Hex/Ice        0%         N/A       88%         2
 Poisonous Vapours        Pois/Air       0%         N/A       88%         2
 Scorch                   Fire           0%         2d5       88%         2
 Searing Ray              Conj           0%         2d4       88%         2
 Call Canine Familiar     Summ           0%         N/A       98%         3
 Confusing Touch          Hex            0%         N/A       98%         3
 Dazzling Flash           Conj/Hex       0%         N/A       98%         3
 Inner Flame              Hex/Fire       0%         N/A       98%         3
 Mephitic Cloud           Conj/Pois/Air  0%         N/A       98%         3
 Ozocubu's Armour         Ice            0%         N/A       98%         3
 Spider Form              Tmut/Pois      0%         N/A       98%         3
 Summon Guardian Golem    Hex/Summ       0%         N/A       98%         3
 Tukima's Dance           Hex            0%         N/A       98%         3
 Anguish                  Hex/Necr       0%         N/A       100%        4
 Animate Armour           Summ/Erth      0%         N/A       100%        4
 Cause Fear               Hex            0%         N/A       100%        4
 Flame Wave               Conj/Fire      0%         2d4       100%        4
 Fulminant Prism          Conj/Hex       0%         3d6       100%        4
 Iskenderun's Mystic Bla  Conj/Tloc      0%         2d3       100%        4
 Passage of Golubria      Tloc           0%         N/A       100%        4
 Blade Hands              Tmut           0%         N/A       100%        5
 Lee's Rapid Deconstruct  Erth           0%         3d5*      100%        5
 Metabolic Englaciation   Hex/Ice        0%         N/A       100%        5
 Yara's Violent Unravell  Hex/Tmut       0%         3d3       100%        5
 Dispersal                Tloc           0%         N/A       100%        6
 Iron Shot                Conj/Erth      0%         9d1       100%        6
 Simulacrum               Ice/Necr       0%         N/A       100%        6
 Starburst                Conj/Fire      0%         6d3       100%        6
 Summon Cactus Giant      Summ           0%         N/A       100%        6
 Enfeeble                 Hex            0%         N/A       100%        7
 Ozocubu's Refrigeration  Ice            0%         4d5       100%        7
 Discord                  Hex            0%         N/A       100%        8
 Disjunction              Tloc           0%         N/A       100%        8


Dungeon Overview and Level Annotations

Branches:
Dungeon (15/15)            Temple (1/1) D:7            Lair (6/6) D:8
 Shoals (4/4) Lair:2       Spider (4/4) Lair:4        Slime (0/5) Lair:6
    Orc (2/2) D:10            Elf (0/3) Orc:2        Vaults (0/5) D:13
 Depths (0/4) D:15          Sewer (visited)

Altars:
Ashenzari
Cheibriados
Dithmenos
Elyvilon
Fedhas
Gozag
Hepliaklqana
Kikubaaqudgha
Makhleb
Nemelex Xobeh
Okawaru
Qazlal
Ru
Sif Muna
Uskayaw
Vehumet
Wu Jian
Xom
Yredelemnul
Zin
The Shining One
Beogh
Jiyva

Shops:
D:1 =   Orc:2 ([=*

Annotations:
D:3 Grinder
D:5 Dowan, Duvessa
Lair:3 2 runed translucent doors, fragbeetle's ghost, journeyman KoBr
Spider:1 3 runed translucent doors, delverdan's ghost, adept HOFi


Innate Abilities, Weirdness & Mutations

Your life essence is reduced to manifest your ancestor. (-10% HP)
You are too large for most types of armour.
You have claws for hands.
Your natural rate of healing is unusually fast.
You are covered in fur. (AC +1)
You have tough skin. (AC +1)


Message History

The steelbarb worm is heavily wounded.
You block the redback's attack. The steelbarb worm barely misses you.
You mangle the steelbarb worm!!
The steelbarb worm is almost dead.
You block the entropy weaver's attack.
The entropy weaver hits you but does no damage.
The entropy weaver hits you!
* * * LOW HITPOINT WARNING * * *
The entropy weaver hits you but does no damage.
Wystan hits the steelbarb worm with a +0 broad axe of flaming!
Wystan burns the steelbarb worm.
You block the redback's attack. The steelbarb worm closely misses you.
As you read the scroll of teleportation, it crumbles to dust.
You feel strangely unstable.
You block the entropy weaver's attack. x2
The entropy weaver hits you but does no damage.
The entropy weaver hits you!
* * * LOW HITPOINT WARNING * * *
The redback bites you!
* * * LOW HITPOINT WARNING * * *
You are lethally poisoned!
The redback poisons you!
Wystan hits the steelbarb worm with a +0 broad axe of flaming.
Wystan burns the steelbarb worm.
The steelbarb worm dies!
A freezing mist starts to gather...
A steelbarb worm simulacrum comes into view.
Okay, then.
You closely miss the entropy weaver.
You carefully extract the barbed spikes from your body.
* * * LOW HITPOINT WARNING * * *
You feel very sick. The redback barely misses you.
The entropy weaver hits you but does no damage.
The entropy weaver hits you.
* * * LOW HITPOINT WARNING * * *
The entropy weaver hits you!
* * * LOW HITPOINT WARNING * * *
The entropy weaver hits you.
* * * LOW HITPOINT WARNING * * *
You die...

...........)..≈≈#####
...###.......≈≈##
.....###≈#.#.≈##
^........#≈≈≈##
..........≈#≈#
......####≈### ##
.........#≈# ##.###
..........≈#####...^##
....#......≈..#.@..≈≈#
....#......#..B>RZ..≈#
≈≈.##.........s....###
####...).......)#.##
#≈..<..........###
#........##....#
##........#.....#
#^.......##......#
##.......≈.......#


You could see the friendly Wystan the knight, an entropy weaver (soul bound,
ally target), a redback (soul bound) and a steelbarb worm simulacrum.

Vanquished Creatures
  Rupert (Lair:4)
  An orc warlord (Orc:2)
  An emperor scorpion (Spider:3)
  A ghost moth (Spider:3)
  3 broodmothers
  A dire elephant (Lair:6)
  2 merfolk impalers
  3 merfolk javelineers (Shoals:4)
  Josephine (Lair:4)
  A fire dragon (Lair:6)
  A great orb of eyes (D:15)
  A boulder beetle (Lair:4)
  2 ogre magi
  5 hydras
  7 merfolk avatars
  3 centaur warriors
  2 radroaches
  3 death knights
  2 merfolk aquamancers
  A satyr (Shoals:4)
  7 two-headed ogres
  An orc high priest (Orc:2)
  An alligator snapping turtle (Shoals:3)
  A tengu warrior (D:14)
  18 death yaks
  Sonja (Lair:4)
  Urug (Lair:2)
  5 sea snakes
  3 pharaoh ants
  2 sun moths
  3 skeletal warriors
  A swamp dragon (Lair:6)
  4 orb spiders
  A steelbarb worm (Spider:3)
  12 harpies
  Pikel (D:7)
  A phantasmal warrior (D:14)
  6 orc knights
  2 orc sorcerers (Orc:2)
  A wizard (D:14)
  10 wolf spiders
  A necromancer (D:13)
  13 fauns
  An ugly thing (D:15)
  A salamander (shapeshifter) (D:15)
  6 cyclopes
  A moth of wrath (Spider:3)
  10 manticores
  A water nymph (Shoals:4)
  9 elephants
  9 black mambas
  3 merfolk sirens
  6 cane toads
  3 centaur zombies
  2 torpor snails
  4 rime drakes
  3 kobold demonologists
  7 demonic crawlers
  A tengu conjurer (D:14)
  Maggie (D:7)
  An efreet (D:15)
  3 freezing wraiths
  4 yaktaurs
  7 komodo dragons
  10 merfolk
  7 trolls
  12 polar bears
  3 wind drakes
  9 meliai
  13 tarantellas
  3 raiju (Lair:6)
  17 blink frogs
  2 dream sheep (Shoals:1)
  8 slime creatures (D:15)
  3 snapping turtles
  12 jumping spiders
  6 water elementals
  13 culicivoras
  4 wyverns
  2 shadows (D:12)
  A vampire (D:12)
  29 yaks
  6 wraiths
  A fire bat (Lair:5)
  12 basilisks
  21 redbacks
  3 steam dragons
  3 vampire mosquitoes
  Menkaure (D:5)
  3 wargs (Lair:6)
  4 acid dragons
  11 water moccasins
  10 hell hounds (Lair:6)
  2 swamp drakes (Lair:6)
  2 ice beasts
  28 orc warriors
  10 black bears
  7 centaurs
  31 wolves
  8 ogres
  A lemure (D:7)
  2 phantoms
  6 kobold brigands
  8 bullfrogs
  3 scorpions
  2 gnoll sergeants
  10 killer bees
  8 wights
  2 howler monkeys
  2 electric eels
  A lava snake (Lair:5)
  A bullfrog skeleton (D:5)
  A jelly (D:5)
  A gnoll shaman (D:5)
  2 centaur skeletons
  12 orc priests
  3 hounds
  3 iguanas
  Ijyb (D:4)
  11 orc wizards
  4 howler monkey zombies
  13 gnolls
  9 adders
  8 river rats (Sewer)
  An ufetubus (D:6)
  2 worms
  57 orcs
  16 ball pythons
  3 bats
  2 endoplasms
  5 giant cockroaches
  13 goblins
  11 hobgoblins
  2 jackals (D:1)
  45 kobolds
  2 quokkas
  9 frilled lizards
  17 rats
837 creatures vanquished.

Vanquished Creatures (collateral kills)
  2 broodmothers
  An entropy weaver (Spider:2)
  2 merfolk impalers
  A merfolk javelineer (Shoals:3)
  9 hydras
  A merfolk aquamancer (Shoals:3)
  A boulder beetle (D:15)
  A jorogumo (Spider:2)
  An alligator snapping turtle (Shoals:4)
  3 satyrs (Shoals:4)
  A two-headed ogre (Orc:1)
  2 death yaks (Lair:6)
  A sun moth (Lair:4)
  A skeletal warrior (D:13)
  A pharaoh ant (Spider:2)
  2 sea snakes (Shoals:2)
  3 steelbarb worms (Spider:3)
  An orb spider (Spider:3)
  3 harpies
  4 wolf spiders
  5 ugly things
  11 fauns
  5 manticores
  A moth of wrath (Spider:2)
  3 elephants (Lair:4)
  A black mamba (Lair:6)
  4 cane toads
  A torpor snail (Spider:2)
  A water nymph (Shoals:1)
  2 demonic crawlers
  A freezing wraith (D:14)
  A komodo dragon (Lair:1)
  A meliai (D:15)
  3 trolls
  A polar bear (Lair:6)
  9 merfolk
  10 tarantellas
  4 wind drakes
  2 slime creatures (D:15)
  A raiju (Lair:6)
  2 dream sheep (Shoals:1)
  A blink frog (Lair:3)
  2 snapping turtles
  5 jumping spiders
  4 water elementals
  A culicivora (Spider:3)
  6 yaks
  A fire bat (Lair:5)
  A basilisk (Lair:6)
  9 redbacks
  2 vampire mosquitoes
  A warg (Lair:6)
  2 hell hounds (Lair:6)
  A floating eye (shapeshifter) (D:15)
  3 orc warriors (Orc:2)
  3 black bears (Lair:6)
  6 wolves
  An ogre (Orc:2)
  2 centaurs
  A kobold brigand (D:11)
  A centaur skeleton (D:7)
  An orc priest (D:10)
  2 orc wizards
  A gnoll (D:10)
  13 orcs
  12 kobolds
192 creatures vanquished.

Vanquished Creatures (others)
  A spark wasp (Spider:3)
  A culicivora (Spider:1)
  A water elemental (Shoals:3)
  A hell hound (Lair:6)
  11 knights
  10 ancestors
  5 bushes
  A fire vortex (Lair:5)
  54 fungi
  261 plants
346 creatures vanquished.

Grand Total: 1375 creatures vanquished

Notes
Turn   | Place    | Note
-------+----------+-------------------------------------------
     0 | D:1      | Strat the Troll Gladiator began the quest for the Orb.
     0 | D:1      | Reached XP level 1. HP: 19/19 MP: 0/0
   145 | D:1      | Reached XP level 2. HP: 27/27 MP: 1/1
   411 | D:1      | Found Terch's Jewellery Shop.
   413 | D:1      | Found a faded altar of an unknown god.
   546 | D:1      | Reached skill level 4 in Unarmed Combat
   740 | D:2      | Reached XP level 3. HP: 33/33 MP: 2/2
  1317 | D:3      | Reached XP level 4. HP: 40/41 MP: 3/3
  1363 | D:3      | Noticed Grinder
  1364 | D:3      | Paralysed by Grinder for 5 turns
  1374 | D:3      | Paralysed by Grinder for 6 turns
  1410 | D:4      | Reached skill level 5 in Unarmed Combat
  1437 | D:4      | Noticed an ogre
  1461 | D:4      | Found a hide-covered altar of Uskayaw.
  1462 | D:4      | Found an ancient bone altar of Kikubaaqudgha.
  1464 | D:4      | Found a snail-covered altar of Cheibriados.
  1525 | D:4      | Noticed a phantom
  1544 | D:4      | Killed a phantom
  1545 | D:4      | Reached skill level 6 in Unarmed Combat
  1545 | D:4      | Reached XP level 5. HP: 42/48 MP: 4/4
  1572 | D:4      | Noticed Ijyb
  1582 | D:4      | Paralysed by Ijyb for 6 turns
  1588 | D:4      | Killed Ijyb
  1768 | D:4      | Reached XP level 6. HP: 38/55 MP: 5/5
  1770 | D:4      | Reached skill level 7 in Unarmed Combat
  1863 | D:4      | Found a glowing silver altar of Zin.
  1994 | D:4      | Noticed an orc warrior
  2016 | D:4      | Killed an orc warrior
  2017 | D:4      | Reached skill level 8 in Unarmed Combat
  2017 | D:4      | Reached XP level 7. HP: 62/62 MP: 6/6
  2105 | D:5      | Entered Level 5 of the Dungeon
  2129 | D:5      | Found a broken altar of Ashenzari.
  2187 | D:5      | Noticed Duvessa
  2188 | D:5      | Noticed Dowan
  2338 | D:5      | Noticed a kobold demonologist
  2340 | D:5      | Noticed a kobold demonologist
  2343 | D:5      | Noticed a kobold demonologist
  2377 | D:6      | Reached skill level 9 in Unarmed Combat
  2437 | D:6      | Reached XP level 8. HP: 49/78 MP: 7/7
  2614 | D:6      | Found a glowing drain.
  2626 | Sewer    | Entered a sewer
  2956 | Sewer    | Reached skill level 5 in Fighting
  3136 | D:6      | Reached skill level 10 in Unarmed Combat
  3357 | D:6      | Reached XP level 9. HP: 87/89 MP: 8/8
  3521 | D:7      | Noticed a two-headed ogre
  3757 | D:5      | Noticed Menkaure
  3763 | D:5      | Killed Menkaure
  3835 | D:5      | Killed a kobold demonologist
  3836 | D:5      | Reached skill level 11 in Unarmed Combat
  4084 | D:7      | Noticed Pikel
  4098 | D:7      | Killed Pikel
  4124 | D:7      | Found a sparkling altar of Nemelex Xobeh.
  4124 | D:7      | Found a shimmering blue altar of Sif Muna.
  4125 | D:7      | Noticed Maggie
  4132 | D:7      | Killed Maggie
  4162 | D:7      | Reached XP level 10. HP: 102/102 MP: 9/9
  4207 | D:7      | Found a staircase to the Ecumenical Temple.
  4214 | Temple   | Entered the Ecumenical Temple
  4412 | Temple   | Became a worshipper of Hepliaklqana the Forgotten
  4887 | D:8      | Reached skill level 12 in Unarmed Combat
  4996 | D:8      | Noticed a death yak
  5037 | D:8      | Reached skill level 1 in Armour
  5106 | D:8      | Killed a death yak
  5147 | D:8      | Found a staircase to the Lair.
  5234 | D:8      | Reached * piety under Hepliaklqana
  5283 | Lair:1   | Entered Level 1 of the Lair of Beasts
  5409 | Lair:1   | Noticed a four-headed hydra
  5418 | Lair:1   | Killed a four-headed hydra
  5504 | Lair:1   | Reached XP level 11. HP: 103/103 MP: 10/10
  5513 | Lair:1   | Noticed a five-headed hydra
  5518 | Lair:1   | Noticed a five-headed hydra
  5561 | Lair:1   | Reached skill level 13 in Unarmed Combat
  5663 | Lair:2   | Noticed Urug
  5684 | Lair:2   | Killed Urug
  5717 | Lair:2   | You fall into a shaft and drop 1 floor!
  5732 | Lair:3   | Noticed a six-headed hydra
  5759 | Lair:3   | Reached skill level 5 in Armour
  5834 | Lair:3   | Reached skill level 10 in Fighting
  5949 | Lair:3   | Reached ** piety under Hepliaklqana
  6149 | Lair:3   | Found a large runed translucent door.
  6150 | Lair:3   | Found a large runed translucent door.
  6153 | Lair:3   | Noticed fragbeetle's ghost (journeyman KoBr)
  6421 | Lair:2   | Noticed a six-headed hydra
  6474 | Lair:4   | Found a hole to the Spider Nest.
  6520 | Lair:4   | Noticed Rupert
  6607 | Lair:4   | Noticed Sonja
  6714 | Lair:3   | Reached XP level 12. HP: 98/115 MP: 11/11
  6769 | Lair:3   | Noticed a death yak
  6789 | Lair:3   | Killed a death yak
  6859 | Lair:3   | Noticed a death yak
  6880 | Lair:4   | Noticed Josephine
  6909 | Lair:3   | Killed a death yak
  6927 | Lair:3   | Reached skill level 14 in Unarmed Combat
  7079 | Lair:4   | Killed Sonja
  7119 | Lair:4   | Noticed a four-headed hydra
  7141 | Lair:4   | Reached *** piety under Hepliaklqana
  7486 | Lair:4   | Killed Josephine
  7526 | Lair:4   | Remembered your ancestor Wystan as a knight
  7666 | Lair:5   | Reached skill level 15 in Unarmed Combat
  7696 | Lair:5   | Killed a four-headed hydra
  7817 | Lair:5   | Reached **** piety under Hepliaklqana
  7885 | Lair:5   | Reached XP level 13. HP: 63/126 MP: 12/12
  8162 | Lair:6   | Entered Level 6 of the Lair of Beasts
  8863 | Lair:6   | Found a staircase to the Slime Pits.
  8863 | Lair:6   | Found a viscous altar of Jiyva.
  9018 | Lair:6   | Reached skill level 5 in Throwing
  9018 | Lair:6   | Reached skill level 16 in Unarmed Combat
  9177 | Lair:6   | Reached XP level 14. HP: 122/135 MP: 13/13
 10077 | Lair:2   | Found a burning altar of Makhleb.
 10391 | D:9      | Reached ***** piety under Hepliaklqana
 10570 | D:9      | You fall into a shaft and drop 2 floors!
 10594 | D:11     | Found a frozen archway.
 11023 | D:10     | Entered Level 10 of the Dungeon
 11030 | D:10     | Found an opulent altar of Gozag.
 11251 | D:10     | Reached skill level 17 in Unarmed Combat
 11415 | D:10     | Found a radiant altar of Vehumet.
 11499 | D:10     | Found a staircase to the Orcish Mines.
 11506 | Orc:1    | Entered Level 1 of the Orcish Mines
 11631 | Orc:1    | Reached skill level 1 in Invocations
 11723 | Orc:2    | Entered Level 2 of the Orcish Mines
 11851 | Orc:1    | Reached skill level 10 in Armour
 11953 | Orc:2    | Found Patowk's Antique Weapon Shoppe.
 12156 | Orc:2    | Found Vuwnal's Antique Armour Shoppe.
 12270 | Orc:2    | Noticed an orc warlord
 12315 | Orc:2    | Killed an orc warlord
 12424 | Orc:2    | Reached XP level 15. HP: 117/143 MP: 16/16
 12442 | Orc:2    | Found Benac's Jewellery Shoppe.
 12477 | Orc:2    | Found Orrush's General Store.
 12543 | Orc:2    | Found a staircase to the Elven Halls.
 12576 | Orc:2    | Bought a scroll of teleportation for 51 gold pieces
 12665 | Orc:2    | Bought the amulet of the Four Winds {rN+ Will+++ Clar} for
                  | 702 gold pieces
 12665 | Orc:2    | Found the amulet of the Four Winds {rN+ Will+++ Clar}
 12885 | D:12     | Reached ****** piety under Hepliaklqana
 13615 | D:13     | Found a gate to the Vaults.
 13784 | D:14     | Reached skill level 5 in Invocations
 14164 | D:14     | Found a shimmering altar of Xom.
 14337 | D:14     | Identified the ring of Lyfa {rCorr Str+4}
 14637 | D:15     | Entered Level 15 of the Dungeon
 14651 | D:15     | Found a glowing golden altar of the Shining One.
 15025 | D:15     | Reached skill level 18 in Unarmed Combat
 15182 | D:15     | Paralysed by a floating eye for 4 turns
 15194 | D:15     | Found a staircase to the Depths.
 15489 | Lair:2   | Found a staircase to the Shoals.
 15502 | Shoals:1 | Entered Level 1 of the Shoals
 15705 | Shoals:1 | Reached XP level 16. HP: 133/153 MP: 21/21
 16809 | Shoals:3 | Reached skill level 1 in Shields
 16986 | Shoals:4 | Entered Level 4 of the Shoals
 17269 | Shoals:3 | HP: 4/154 [wind drake/the air (7)]
 17850 | Shoals:4 | Reached skill level 5 in Shields
 18053 | Shoals:4 | Found a white marble altar of Elyvilon.
 18477 | Shoals:4 | Reached XP level 17. HP: 109/162 MP: 23/23
 18746 | Shoals:4 | Got a barnacled rune of Zot
 18876 | Spider:1 | Entered Level 1 of the Spider Nest
 18930 | Lair:4   | Killed Rupert
 19570 | Spider:1 | Found a runed translucent gate.
 19570 | Spider:1 | Found a runed translucent gate.
 19570 | Spider:1 | Found a runed translucent gate.
 19570 | Spider:1 | Noticed delverdan's ghost (adept HOFi)
 19998 | Spider:2 | Reached skill level 10 in Shields
 20226 | Spider:2 | Reached skill level 10 in Invocations
 21121 | Spider:4 | Entered Level 4 of the Spider Nest
 21342 | Spider:3 | Reached skill level 19 in Unarmed Combat
 21579 | Spider:3 | HP: 3/160 [entropy weaver (8)]
 21580 | Spider:3 | Succumbed to a redback's poison

Illustrated notes

Levels and vault maps discovered:
D:1:      lemuel_arrival_room, layout_loops_corners,
          ebering_ecumenical_altar_abandoned, serial_shops, nicolae_square_shop,
          solitary_fountain, minmay_misc_feat_more_columns,
          minmay_misc_feat_doors, minivault_27
D:2:      layout_basic, eino_tiny_chamber, chequers_serial_rivers_micro_a,
          minmay_lizard_king
D:3:      layout_basic, grunt_ministairs_12, kennysheep_generic_room_16,
          uniq_grinder
D:4:      layout_basic, kennysheep_mini_moat, grunt_temple_overflow_open,
          uniq_ijyb
D:5:      layout_basic, mainiacjoe_overflow_catwalk, uniq_duvessa, uniq_menkaure
D:6:      layout_basic, portal_sewer_entry_d
D:7:      corexii_shantytown, layout_basic, gammafunk_temple_overflow_wave,
          temple_doors_ab, minmay_door_square, uniq_pikel, uniq_maggie
D:8:      layout_cave_pools, david_lair_generic, amethyst_killhole
D:9:      layout_cave_pods, old_standard_altar, bloody_trog
D:10:     layout_loops_ring, mainiacjoe_overflow_chevrons,
          nicolae_gozag_seed_capital, hiddenorc1_lemuel
D:11:     layout_small_grid, portal_ice_cave_rime, nicolae_fountain_basement
D:12:     layout_irregular_city
D:13:     layout_stronghold, david_vaults_1
D:14:     layout_stronghold, kennysheep_cross_landing, tgw_xom
D:15:     gammafunk_enter_depths_forms, layout_irregular_city, tso_metal_star,
          eino_tiny_chamber
Temple:   grunt_temple_mini_profane
Lair:1:   layout_long_grid
Lair:2:   layout_hall_layers, minmay_shoals_entry_hut, basic_altar,
          serial_bayou_shore_a, uniq_urug
Lair:3:   nzn_winding_woodlands_stair_cross [nzn_winding_woodlands_5x15_parted,
          nzn_winding_woodlands_center_garden,
          nzn_winding_woodlands_5x15_concentric,
          nzn_winding_woodlands_5x5_three, nzn_winding_woodlands_5x5_cross,
          nzn_winding_woodlands_5x15_pathside_ponds,
          nzn_winding_woodlands_center_diamonds,
          nzn_winding_woodlands_5x15_pockets], layout_regular_city,
          ebering_ghost_disaster_area
Lair:4:   layout_layer_cave, spider_nest_entry_web_field, uniq_josephine,
          uniq_rupert, uniq_sonja
Lair:5:   layout_gridlike
Lair:6:   hangedman_lair_caniforms_friends, layout_layer_cave,
          guppyfry_lair_end_dragon, slime_altar_1, st_stairs_8, minivault_26
Shoals:1: layout_shoals
Shoals:2: layout_shoals, nicolae_shoals_seven_spires
Shoals:3: layout_shoals
Shoals:4: shoals_end_grunt_garden, layout_shoals, lemuel_altar_in_water2,
          yaktaur_hedge
Spider:1: layout_spider_delve, gammafunk_ghost_necromancy
Spider:2: layout_chambers, hangedman_spider_tarantella_strand
Spider:3: layout_spider_delve
Spider:4: spider_rune_water
Orc:1:    layout_caves, dreamdust_deal_with_the_devil
Orc:2:    grunt_orc_gardens, layout_diamond_mine, grunt_orc_garden,
          grunt_orc_garden, grunt_orc_garden, grunt_orc_garden, mines2_david

Skill      XL: |  1  2  3  4  5  6  7  8  9 10 11 12 13 14 15 16 17 |
---------------+----------------------------------------------------+-----
Unarmed Combat | 4 6 8 9 10 11 12 13 15 16 17 18 19 | 19.0
Fighting       | 3 5 7 9 10 12 13 14 | 14.7
Armour         | 3 6 7 8 10 | 10.0
Throwing       | 5 7 8 |  8.7
Invocations    | 3 8 9 10 | 10.0
Shields        | 7 10 | 10.0
Dodging        | |  2.4

Action                   |  1- 3 |  4- 6 |  7- 9 | 10-12 | 13-15 | 16-18 || total
-------------------------+-------+-------+-------+-------+-------+-------++-------
Melee: Unarmed           |   119 |    75 |   262 |   479 |   953 |   653 ||  2541
       Punch             |       |     3 |    11 |    48 |   113 |    20 ||   195
       Morningstar       |       |       |       |     6 |    23 |       ||    29
Throw: Boomerang         |     1 |     4 |       |       |     1 |    47 ||    53
       Large rock        |       |       |       |       |       |     8 ||     8
       Javelin           |       |       |       |       |       |    12 ||    12
Invok: Recall Ancestor   |       |       |       |     1 |    15 |    17 ||    33
       Ancestor Identity |       |       |       |     1 |       |       ||     1
       Ancestor Life: Kn |       |       |       |     1 |       |       ||     1
Evoke: Wand              |       |     5 |     9 |    17 |    20 |    11 ||    62
  Use: Scroll            |       |       |    13 |    13 |     8 |    12 ||    46
       Potion            |       |       |       |     8 |     7 |     8 ||    23
 Stab: Paralysed         |       |     4 |       |       |       |       ||     4
       Distracted        |       |       |       |       |     3 |     4 ||     7
       Invisible         |       |       |       |       |     1 |       ||     1
Armor: Robe              |    32 |    10 |    72 |       |       |       ||   114
       Steam dragon scal |       |       |    27 |       |       |       ||    27
       Acid dragon scale |       |       |     1 |   195 |   524 |   335 ||  1055
       Troll leather arm |       |       |       |       |       |    68 ||    68
Dodge: Dodged            |    73 |    28 |   190 |   308 |   624 |   329 ||  1552
Block: Kite shield       |       |       |       |       |       |   424 ||   424
       Reflection        |       |       |       |       |       |    50 ||    50
